Map: Magannatha LE

Players

upfren

  • Race: Zerg Zerg
  • League: Platinum
  • Spawn Location: 11:00

ManlyManMeat - Winner!

  • Race: Terran Terran
  • League: Master
  • Spawn Location: 5:00

VOD

Have the link to the VOD?

Description

Time

  • Played on: May 17, 2025, 1:36 p.m.
  • Length: 8:52
Show
View Real Time Build Order
Export as new Build Order

upfren Zerg 

Build Orders: 1 Base Baneling Bust, Pool First, Zergling Baneling 

Get SALT Encoding   

  12  0:04  Drone  
  13  0:14  Extractor  
  12  0:26  Spawning Pool  
  11  0:29  Drone  
  11  0:35  Drone  
  13  0:38  Drone  
  14  0:51  Overlord  
  14  1:17  Zergling x6  
  17  1:20  Metabolic Boost  
  17  1:38  Baneling Nest, Zergling x2  
  17  1:49  Zergling x2  
  18  1:59  Zergling x2  
  19  2:02  Zergling x2  
  20  2:18  Zergling x2  
  21  2:23  Zergling x2  
  21  2:27  Baneling x2  
  22  2:31  Baneling x2  
  22  2:34  Overlord  
  22  2:52  Queen  
  20  3:00  Zergling x4  
  20  3:10  Zergling x2  
  20  3:22  Zergling x2  
  19  3:35  Zergling x2  
  19  3:38  Zergling x2  
  19  3:40  Baneling x4  
  21  3:48  Zergling x2  
  22  3:59  Zergling x2  
  24  4:02  Zergling x2  
  24  4:03  Zergling x4  
  22  4:17  Roach Warren  
  22  4:20  Drone  
  22  4:30  Hatchery  
  21  4:39  Drone x2  
  23  4:50  Drone  
  23  4:52  Queen  
  26  4:59  Roach  
  28  5:12  Roach  
  30  5:18  Overlord  
  30  5:21  Baneling  
  30  5:22  Baneling x2  
  30  5:23  Baneling  
  30  5:34  Overlord  
  30  5:42  Drone  
  31  5:44  Drone  
  32  5:54  Drone x2  
  34  5:59  Drone  
  34  6:00  Drone  
  34  6:01  Drone  
  37  6:07  Drone  
  37  6:08  Drone  
  39  6:18  Lair  
  39  6:22  Drone  
  39  6:25  Drone  
  41  6:27  Drone  
  41  6:30  Drone  
  43  6:33  Extractor  
  43  6:35  Drone, Extractor  
  43  6:38  Drone  
  43  6:45  Drone  
  44  6:47  Overlord  
  44  7:04  Drone  
  40  7:11  Roach x6  
  50  7:34  Ravager x2  
  52  7:40  Ravager x2  
  52  7:47  Overlord x3  
  52  7:48  Overlord  
  52  7:58  Hydralisk Den, Overlord  
  51  7:59  Overlord  
  51  8:09  Roach  
  51  8:10  Roach x4  
  59  8:16  Roach x2  
  63  8:20  Ravager  
Show
View Real Time Build Order
Export as new Build Order

ManlyManMeat Terran - Winner!

Build Orders:  

Get SALT Encoding   

  12  0:00  SCV  
  13  0:12  SCV  
  14  0:18  Supply Depot  
  14  0:24  SCV  
  15  0:40  SCV  
  15  0:42  Barracks  
  16  0:46  Refinery  
  16  0:52  SCV  
  17  1:04  SCV  
  18  1:16  SCV  
  19  1:28  Orbital Command  
  19  1:29  Barracks Reactor  
  19  1:41  Command Center  
  19  1:57  Supply Depot  
  19  1:59  SCV  
  20  2:07  Barracks  
  20  2:11  SCV  
  21  2:16  Bunker  
  21  2:21  Marine x2  
  23  2:39  Barracks  
  23  2:40  Marine x2  
  25  2:46  SCV  
  25  2:47  Factory  
  26  2:59  Marine  
  26  3:02  Marine x2  
  23  3:19  Marine  
  24  3:20  Marine  
  25  3:27  Marine x2  
  25  3:33  Factory Tech Lab  
  27  3:45  Marine  
  27  3:47  Supply Depot  
  28  3:54  Supply Depot  
  28  3:56  Barracks Reactor, Barracks Tech Lab  
  28  3:59  Orbital Command  
  28  4:03  SCV  
  27  4:18  Combat Shield  
  27  4:27  Marine x2  
  29  4:38  Marine x2  
  31  4:43  Marine  
  32  4:54  Marine x2  
  32  4:55  Refinery  
  32  4:56  Siege Tank  
  37  5:01  Marine  
  37  5:03  SCV  
  39  5:10  SCV  
  39  5:11  Marine x2  
  42  5:15  SCV  
  43  5:22  SCV  
  43  5:27  SCV  
  45  5:34  SCV  
  46  5:36  Stimpack  
  46  5:55  Marine x3  
  49  5:58  Supply Depot, Marine  
  49  6:00  Supply Depot, SCV x2  
  49  6:03  Supply Depot  
  52  6:12  SCV  
  52  6:13  SCV  
  54  6:26  Marine x5  
  54  6:30  SCV x2  
  61  6:33  Supply Depot  
  61  6:35  Supply Depot  
  61  6:36  Engineering Bay  
  61  6:40  Supply Depot  
  61  6:42  SCV x2  
  61  6:44  Marine  
  63  6:57  Marine x3  
  62  7:10  Marine x2  
  62  7:15  Marine  
  53  7:16  SCV x2  
  53  7:20  Refinery, Siege Tank  
  53  7:21  Refinery  
  58  7:28  SCV  
  59  7:33  Marine x2  
  59  7:34  Marine x2  
  59  7:36  Marauder  
  63  7:49  Starport  
  63  7:53  Engineering Bay, Siege Tank  
  63  7:55  SCV x2  
  67  8:07  SCV  
  68  8:20  Marine x2  
  68  8:21  Marine x2  
  68  8:22  Marauder  
Tags
 
Add a new tag
Caveats
  • Supply blocks, unpowered buildings, or Contaminate may cause inaccurate times.
  • Supply counts are checked every 10 seconds.